 Dungeon Sprint DCSS version 0.24-a0-127-gfc1eed5 (webtiles) character file.

9411 Faca the Severer (level 11, -3/121 HPs)
             Began as a Minotaur Berserker on Sept 29, 2018.
             Was the Champion of Trog.
             Slain by an orc warrior
             ... wielding a cursed +0 scimitar
             ... led by an orc knight
              (12 damage)
             ... in the Dungeon (Sprint VII: "The Pits") on Feb 26, 2019.
             The game lasted 00:11:39 (2913 turns).

Faca the Severer (Minotaur Berserker)               Turns: 2913, Time: 00:11:40

Health: -3/121     AC: 15    Str: 25    XL:     11   Next: 22%
Magic:  3/3        EV: 13    Int:  4    God:    Trog [******]
Gold:   0          SH:  0    Dex: 10    Spells: 10/10 levels left

rFire    . . .     SeeInvis .   j - +2 battleaxe (antimagic)
rCold    . . .     Gourm    .   (shield currently unavailable)
rNeg     . . .     Faith    .   g - +3 chain mail
rPois    .         Spirit   .   (helmet restricted)
rElec    .         Reflect  .   (no cloak)
rCorr    .         Harm     .   (no gloves)
MR       .....     NoTele   +   (no boots)
Stlth    ..........             (no amulet)
HPRegen  0.30/turn              (no ring)
MPRegen  0.08/turn              (no ring)

@: no status effects
A: retaliatory headbutt, horns 2
a: Berserk, Trog's Hand, Brothers in Arms, Renounce Religion


You were in the Dungeon.
You worshipped Trog.
Trog was exalted by your worship.
You were not hungry.

You visited 1 branch

Inventory:

Hand Weapons
 j - a +2 antimagic battleaxe (weapon)
 q - a +1 broad axe of freezing
 r - a +2 dire flail of crushing
 v - the +9 executioner's axe "Fyuss" {chop, *Rage rElec rF++}
   (Trog gifted it to you in the Dungeon)

   It inflicts extra damage upon your enemies.
   It greatly protects you from fire.
   It insulates you from electricity.
   It may make you go berserk in combat.
Missiles
 t - 4 javelins of penetration (quivered)
 u - 2 large rocks
Armour
 g - a +3 chain mail (worn)
 n - a +3 plate armour
Jewellery
 b - a +3 ring of protection
 p - a +3 ring of evasion
Wands
 s - a wand of polymorph (7)
Scrolls
 i - a scroll of blinking
 k - 3 scrolls of remove curse
 l - a scroll of summoning
Potions
 a - 2 potions of invisibility
 d - 9 potions of curing
 e - 12 potions of heal wounds
 f - 2 potions of haste
 h - 4 potions of berserk rage
Comestibles
 c - 8 rations
 m - 3 chunks of flesh


   Skills:
 + Level 18.7 Fighting
 + Level 19.0 Axes
 + Level 12.2 Armour
 + Level 11.5 Dodging


You had 10 spell levels left.
You didn't know any spells.
Your spell library was empty.

Dungeon Overview and Level Annotations

Branches:
Dungeon (1/1)

Altars:
Ashenzari
Cheibriados
Dithmenos
Elyvilon
Fedhas
Gozag
Hepliaklqana
Kikubaaqudgha
Makhleb
Nemelex Xobeh
Okawaru
Qazlal
Ru
Sif Muna
Trog
Uskayaw
Vehumet
Wu Jian
Xom
Yredelemnul
Zin
The Shining One
Beogh
Jiyva
Lugonu


Innate Abilities, Weirdness & Mutations

You reflexively headbutt those who attack you in melee.
You have a pair of horns on your head.


Message History

The orc wizard is severely wounded.
You slash the orc warrior!
The orc wizard hits you with a +0 dagger.
* * * LOW HITPOINT WARNING * * *
The orc warrior hits you with a cursed +0 scimitar.
* * * LOW HITPOINT WARNING * * *
Unknown command.
You barely miss the orc wizard. Your headbutt misses the orc wizard.
The orc wizard is severely wounded.
You hit the orc warrior but do no damage.
The orc wizard falters for a moment.
You closely miss the orc warrior.
The orc warrior is almost dead.
You slash the orc wizard!
You kill the orc wizard!
Trog accepts your kill.
Trog appreciates your killing of a magic user.
The orc priest no longer looks unusually strong.
The orc warrior hits you with a cursed +0 scimitar!
You die...

######## #####
##.)÷(..###...## ..
#..#+#.........## #..
..##.##.....#...# #...
.##...##...###..# #....
##.....##)##.##.###...W.
#......#...#.#...#l.....
'......'...'.'..oo......
#......#...#.#..@#o.....
##.....##.##.##.###.....
.##...##...###..# ....
..##(##.....#...# ...
#.)#)#.÷.......## .o
##.)))÷.###...## .
######## #####


You could see a phantasmal warrior, an orc warrior, a wyvern and an orc priest.

Vanquished Creatures
  A two-headed ogre (D)
  A fire crab (D)
  2 unseen horrors (D)
  A phantasmal warrior (D)
  An orc knight (D)
  An orc sorcerer (D)
  A cyclops (D)
  Joseph (D)
  A polar bear (D)
  4 dream sheep (D)
  A bog body (D)
  Sigmund (D)
  2 flying skulls (D)
  A ynoxinul (D)
  A redback (D)
  A wyvern (D)
  5 yaks (D)
  A yak (shapeshifter) (D)
  2 vampire mosquitoes (D)
  A warg (D)
  Edmund (D)
  A water moccasin (D)
  A soldier ant (D)
  A floating eye (D)
  A black bear (D)
  An ice beast (D)
  3 centaurs (D)
  6 wolves (D)
  2 small abominations (D)
  A gnoll sergeant (D)
  3 wights (D)
  A gnoll shaman (D)
  An orc priest (D)
  2 orc wizards (D)
  A hell rat (D)
  A mummy (D)
  An adder (D)
  7 gnolls (D)
  5 leopard geckos (D)
  5 orcs (D)
  A goblin (D)
  A hobgoblin (D)
  2 bats (D)
  A frilled lizard (D)
  A kobold (D)
  A quokka zombie (D)
  A rat (D)
83 creatures vanquished.

Notes
Turn   | Place    | Note
-------+----------+-------------------------------------------
     0 | D        | Faca the Minotaur Berserker began the quest for the Orb.
     0 | D        | Reached XP level 1. HP: 19/19 MP: 0/0
    13 | D        | Noticed a floating eye
    16 | D        | Paralysed by a floating eye for 4 turns
    21 | D        | Killed a floating eye
    21 | D        | Reached skill level 7 in Axes
    21 | D        | Reached XP level 2. HP: 34/34 MP: 1/1
    21 | D        | Reached XP level 3. HP: 39/39 MP: 2/2
    21 | D        | Reached XP level 4. HP: 47/47 MP: 3/3
    27 | D        | Found a bloodstained altar of Trog.
    27 | D        | Found a deep blue altar of Sif Muna.
    27 | D        | Found a viscous altar of Jiyva.
    27 | D        | Found a hazy altar of Hepliaklqana.
    27 | D        | Found an opulent altar of Gozag.
    28 | D        | Found a glowing golden altar of the Shining One.
    28 | D        | Found a glowing silver altar of Zin.
    28 | D        | Found a basalt altar of Yredelemnul.
    28 | D        | Found a shimmering altar of Xom.
    28 | D        | Found an ornate altar of the Wu Jian Council.
    28 | D        | Found a sacrificial altar of Ru.
    28 | D        | Found a stormy altar of Qazlal.
    28 | D        | Found an iron altar of Okawaru.
    28 | D        | Found a sparkling altar of Nemelex Xobeh.
    28 | D        | Found a burning altar of Makhleb.
    28 | D        | Found a blossoming altar of Fedhas.
    28 | D        | Found a white marble altar of Elyvilon.
    28 | D        | Found a shadowy altar of Dithmenos.
    28 | D        | Found a snail-covered altar of Cheibriados.
    29 | D        | Found a radiant altar of Vehumet.
    29 | D        | Found a corrupted altar of Lugonu.
    29 | D        | Found a roughly hewn altar of Beogh.
    30 | D        | Found a hide-covered altar of Uskayaw.
    30 | D        | Found an ancient bone altar of Kikubaaqudgha.
    30 | D        | Found a shattered altar of Ashenzari.
    77 | D        | Reached ** piety under Trog
    80 | D        | Reached skill level 8 in Axes
    83 | D        | Noticed an ice beast
    90 | D        | Reached *** piety under Trog
    93 | D        | Killed an ice beast
    93 | D        | Reached skill level 9 in Axes
    93 | D        | Reached XP level 5. HP: 10/57 MP: 4/4
   362 | D        | Reached skill level 10 in Axes
   490 | D        | Reached **** piety under Trog
   498 | D        | Noticed a water moccasin
   498 | D        | Noticed a centaur
   506 | D        | Killed a water moccasin
   506 | D        | Reached skill level 5 in Dodging
   506 | D        | Reached XP level 6. HP: 47/66 MP: 5/5
   512 | D        | Received a gift from Trog
   512 | D        | Reached skill level 10 in Fighting
   512 | D        | Reached skill level 11 in Axes
   520 | D        | Reached ***** piety under Trog
   676 | D        | Reached XP level 7. HP: 67/73 MP: 6/6
   683 | D        | Received a gift from Trog
   767 | D        | Noticed a bog body
   787 | D        | Killed a bog body
   787 | D        | Reached skill level 12 in Axes
   791 | D        | Received a gift from Trog
  1102 | D        | Upgraded the game from 0.23-a0-261-g133332c to
                  | 0.24-a0-127-gfc1eed5
  1163 | D        | Noticed Sigmund
  1164 | D        | Noticed a redback
  1174 | D        | Killed a redback
  1174 | D        | Reached skill level 13 in Axes
  1174 | D        | Reached XP level 8. HP: 68/85 MP: 7/7
  1179 | D        | Killed Sigmund
  1179 | D        | Reached ****** piety under Trog
  1192 | D        | Noticed a cyclops
  1204 | D        | Killed a cyclops
  1204 | D        | Reached skill level 14 in Axes
  1554 | D        | Noticed a polar bear
  1565 | D        | Killed a polar bear
  1565 | D        | Reached skill level 15 in Axes
  1566 | D        | Received a gift from Trog
  1573 | D        | Reached XP level 9. HP: 54/96 MP: 8/8
  1582 | D        | Killed an unseen horror
  1582 | D        | Received a gift from Trog
  1582 | D        | Reached skill level 15 in Fighting
  1582 | D        | Reached skill level 16 in Axes
  1583 | D        | Got a smoking executioner's axe {god gift}
  1584 | D        | Identified the +9 executioner's axe "Fyuss" {chop, *Rage
                  | rElec rF++} (Trog gifted it to you in the Dungeon)
  1811 | D        | Noticed an orc sorcerer
  1827 | D        | Killed an orc sorcerer
  1836 | D        | Noticed a great orb of eyes
  1858 | D        | Reached skill level 17 in Axes
  1863 | D        | Received a gift from Trog
  1999 | D        | Noticed Edmund
  2005 | D        | Killed Edmund
  2010 | D        | Reached XP level 10. HP: 98/111 MP: 3/9
  2021 | D        | Received a gift from Trog
  2043 | D        | Received a gift from Trog
  2181 | D        | Noticed a fire crab
  2186 | D        | Killed a fire crab
  2186 | D        | Reached skill level 18 in Axes
  2186 | D        | Reached skill level 10 in Armour
  2309 | D        | Received a gift from Trog
  2618 | D        | Noticed a phantasmal warrior
  2625 | D        | Killed a phantasmal warrior
  2625 | D        | Reached skill level 10 in Dodging
  2688 | D        | Received a gift from Trog
  2851 | D        | Killed an unseen horror
  2851 | D        | Reached XP level 11. HP: 104/121 MP: 3/10
  2885 | D        | Noticed Joseph
  2885 | D        | Noticed a two-headed ogre
  2890 | D        | Noticed an orc knight
  2895 | D        | Killed a two-headed ogre
  2904 | D        | Killed Joseph
  2909 | D        | Killed an orc knight
  2909 | D        | Received a gift from Trog
  2909 | D        | Reached skill level 19 in Axes
  2910 | D        | Noticed a phantasmal warrior
  2913 | D        | Slain by an orc warrior

Levels and vault maps discovered:
D:        pitsprint

Skill      XL: |  1  2  3  4  5  6  7  8  9 10 11 |
---------------+----------------------------------+-----
Fighting       | 7 9 10 12 14 17 18 | 18.7
Axes           | 7 9 10 11 13 15 17 18 19 | 19.0
Armour         | 4 6 7 8 11 12 | 12.2
Dodging        | 3 4 5 7 8 10 11 | 11.5

Action                   |  1- 3 |  4- 6 |  7- 9 | 10-12 || total
-------------------------+-------+-------+-------+-------++-------
Melee: Hand axe          |     4 |    52 |    33 |       ||    89
       Headbutt          |     2 |     9 |    17 |    29 ||    57
       Broad axe         |       |       |    22 |       ||    22
       Unarmed           |       |       |     2 |       ||     2
       Battleaxe         |       |       |    40 |    96 ||   136
Invok: Trog's Hand       |       |       |       |     1 ||     1
  Eat: Ration            |       |       |     1 |       ||     1
       Chunk             |       |       |       |     3 ||     3
Armor: Animal skin       |       |     3 |       |       ||     3
       Chain mail        |       |    11 |    44 |    38 ||    93
Dodge: Dodged            |       |    27 |    55 |    38 ||   120

Table legend:
 A = Non-vault XP
 B = Vault XP
 C = Vault XP percentage of total XP
 D = Non-vault monster count
 E = Vault monster count
 F = Vault count percentage of total count
                 A         B        C        D         E       F
            +---------+---------+-------+---------+---------+-------
      Total |       0 |   13445 | 100.0 |       0 |      83 | 100.0
            +---------+---------+-------+---------+---------+-------
          D |       0 |   13445 | 100.0 |       0 |      83 | 100.0
            +---------+---------+-------+---------+---------+-------
